MLB
PHILADELPHIA PHILLIES @ COLORADO ROCKIES
09/26/2018
 
TOP OF THE 1ST
Philadelphia Phillies batting - Pitching for Colorado Rockies : RHP Aaron Sanchez
Pitching: RHP Aaron Sanchez
Batting: LHB Leonys Martin 0-0: Ball
1-0: Ball
2-0: Ball
3-0: Base on Balls
Batting: RHB Josh Harrison Pickoff Throw to First - Error! E1
Leonys Martin to second
0-0: DOUBLE (Line Drive, 5D)
Leonys Martin scores
Batting: LHB Justin Bour 0-0: Ball
1-0: Ball
2-0: Ball
3-0: Called Strike
3-1: Base on Balls
Batting: RHB Russell Martin 0-0: Called Strike
0-1: SINGLE (Groundball, 56D)
Josh Harrison to third
Justin Bour to second
Batting: SHB Ketel Marte 0-0: Ball
1-0: Called Strike
1-1: Fly out, F6 (Popup, 6S)
Batting: RHB Delino DeShields Jr. 0-0: DOUBLE (Line Drive, 3D)
Josh Harrison scores
Justin Bour scores
Russell Martin to third
Batting: RHB Carson Kelly 0-0: Ball
1-0: SINGLE (Line Drive, 78S)
Russell Martin scores
Delino DeShields Jr. to third
Runner from 3rd tries for Home, SAFE, no throw by LF
Batting: RHB Amed Rosario 0-0: Ball
1-0: Fly out, F3 (Line Drive, 3)
Lined into DP, U3 (Line Drive, 3)
Top of the 1st over - 5 runs, 4 hits, 1 error, 0 left on base; Philadelphia 5 - Colorado 0
BOTTOM OF THE 1ST
Colorado Rockies batting - Pitching for Philadelphia Phillies : LHP David Price
Pitching: LHP David Price
Batting: LHB Jake Bauers 0-0: Ball
1-0: Called Strike
1-1: Fly out, F8 (Flyball, 8RS)
Batting: RHB Anthony Alford 0-0: Called Strike
0-1: Fly out, F8 (Flyball, 8RXD)
Batting: RHB Mike Trout 0-0: Ball
1-0: Foul Ball, location: 2F
1-1: Ball
2-1: Foul Ball, location: 2F
2-2: Foul Ball, location: 2F
2-2: Foul Ball, location: 2F
2-2: Foul Ball, location: 2F
2-2: Ground out 5-3 (Groundball, 5S)
Bottom of the 1st over - 0 runs, 0 hits, 0 errors, 0 left on base; Philadelphia 5 - Colorado 0
TOP OF THE 2ND
Philadelphia Phillies batting - Pitching for Colorado Rockies : RHP Aaron Sanchez
Batting: LHB David Price 0-0: Foul Ball, location: 2F
0-1: Ball
1-1: Called Strike
1-2: Foul Ball, location: 2F
1-2: Foul Ball, location: 2F
1-2: Strikes out looking
Batting: LHB Leonys Martin 0-0: Ball
1-0: Fly out, F8 (Flyball, 8RXD)
Batting: RHB Josh Harrison 0-0: Ball
1-0: Ball
2-0: Called Strike
2-1: Foul Ball, location: 2F
2-2: SINGLE (Line Drive, 6MD)
Batting: LHB Justin Bour 0-0: Ball
1-0: Ball
2-0: SINGLE (Groundball, 4D)
Josh Harrison to second
Runner from 2nd tries for 3rd, SAFE, no throw by CF
Batting: RHB Russell Martin 0-0: Ball
1-0: SINGLE (Line Drive, 6D)
Josh Harrison scores
Justin Bour to second
Batting: SHB Ketel Marte 0-0: Ball
1-0: Called Strike
1-1: Foul Ball, location: 2F
1-2: Strikes out swinging
Top of the 2nd over - 1 run, 3 hits, 0 errors, 2 left on base; Philadelphia 6 - Colorado 0
BOTTOM OF THE 2ND
Colorado Rockies batting - Pitching for Philadelphia Phillies : LHP David Price
Batting: RHB Bryce Brentz 0-0: Ball
1-0: DOUBLE (Line Drive, 9LM)
Batting: RHB Jordy Mercer 0-0: Called Strike
0-1: Ground out U3 (Groundball, 3)
Bryce Brentz to third
Batting: RHB Martin Prado 0-0: Ball
1-0: SINGLE (Groundball, 6D)
Bryce Brentz scores
Batting: SHB Sandy Leon 0-0: Called Strike
0-1: Ball
1-1: Foul Ball, location: 2F
1-2: Ball
2-2: Grounds into double play, 4-6-3 (Groundball, 4)
Bottom of the 2nd over - 1 run, 2 hits, 0 errors, 0 left on base; Philadelphia 6 - Colorado 1
TOP OF THE 3RD
Philadelphia Phillies batting - Pitching for Colorado Rockies : RHP Aaron Sanchez
Batting: RHB Delino DeShields Jr. 0-0: Ground out U3 (Groundball, 3S)
Batting: RHB Carson Kelly 0-0: Ball
1-0: Ground out U3 (Groundball, 34S)
Batting: RHB Amed Rosario 0-0: Called Strike
0-1: SINGLE (Line Drive, 4MD)
Batting: LHB David Price 0-0: Called Strike
0-1: Swinging Strike
0-2: Strikes out looking
Top of the 3rd over - 0 runs, 1 hit, 0 errors, 1 left on base; Philadelphia 6 - Colorado 1
BOTTOM OF THE 3RD
Colorado Rockies batting - Pitching for Philadelphia Phillies : LHP David Price
Batting: LHB Tommy La Stella 0-0: Ball
1-0: Called Strike
1-1: Swinging Strike
1-2: Strikes out looking
Batting: RHB Aaron Sanchez 0-0: Called Strike
0-1: Swinging Strike
0-2: Ball
1-2: Strikes out swinging
Batting: LHB Jake Bauers 0-0: Fly out, F5 (Popup, 5)
Bottom of the 3rd over - 0 runs, 0 hits, 0 errors, 0 left on base; Philadelphia 6 - Colorado 1
TOP OF THE 4TH
Philadelphia Phillies batting - Pitching for Colorado Rockies : RHP Aaron Sanchez
Batting: LHB Leonys Martin 0-0: Ball
1-0: Ball
2-0: Ball
3-0: Base on Balls
Batting: RHB Josh Harrison 0-0: Called Strike
0-1: Foul Ball, location: 2F
0-2: Strikes out swinging
Batting: LHB Justin Bour 0-0: Called Strike
0-1: Swinging Strike
0-2: Foul Ball, location: 2F
0-2: Ball
1-2: Ball
2-2: SINGLE (Groundball, 3D)
Leonys Martin to second
Runner from 2nd tries for 3rd, SAFE, throw by RF made to third
Batting: RHB Russell Martin 0-0: Fielders Choice at 2nd, 6-4 (Groundball, 6)
Leonys Martin scores
Batting: SHB Ketel Marte 0-0: Called Strike
0-1: Ball
1-1: Called Strike
1-2: DOUBLE (Line Drive, 78D)
Russell Martin to third
Runner from 3rd tries for Home, SAFE, throw by LF to trailing runner, OUT at third! 7-6-5
Top of the 4th over - 2 runs, 2 hits, 0 errors, 0 left on base; Philadelphia 8 - Colorado 1
BOTTOM OF THE 4TH
Colorado Rockies batting - Pitching for Philadelphia Phillies : LHP David Price
Batting: RHB Anthony Alford 0-0: Ball
1-0: Ball
2-0: Ball
3-0: Called Strike
3-1: Reached on error, E5 (Groundball, 56)
Batting: RHB Mike Trout 0-0: Ball
1-0: Ball
2-0: Ball
3-0: Called Strike
3-1: Base on Balls
Anthony Alford to second
Batting: RHB Bryce Brentz 0-0: Grounds into double play, 6-4-3 (Groundball, 6)
Anthony Alford to third
Batting: RHB Jordy Mercer 0-0: Called Strike
0-1: Foul Ball, location: 2F
0-2: Ball
1-2: Strikes out looking
Bottom of the 4th over - 0 runs, 0 hits, 1 error, 1 left on base; Philadelphia 8 - Colorado 1
TOP OF THE 5TH
Philadelphia Phillies batting - Pitching for Colorado Rockies : RHP Aaron Sanchez
Batting: RHB Delino DeShields Jr. 0-0: Ball
1-0: SINGLE (Groundball, 15S) (infield hit)
Batting: RHB Carson Kelly 0-0: Ball
1-0: Ball
2-0: Ball
3-0: Base on Balls
Delino DeShields Jr. to second
Batting: RHB Amed Rosario 0-0: Ball
1-0: Called Strike
1-1: Swinging Strike
1-2: Foul Ball, location: 2F
1-2: Strikes out swinging
Batting: LHB David Price 0-0: Called Strike
Delino DeShields Jr. steals 3rd base (no throw)
0-1: Ball
1-1: Foul Ball, location: 2F
1-2: Sac Bunt to 23 - play at first, batter OUT! 3-4
Carson Kelly to second
Batting: LHB Leonys Martin 0-0: Swinging Strike
0-1: Foul Ball, location: 2F
0-2: Ground out 4-3 (Groundball, 4)
Top of the 5th over - 0 runs, 1 hit, 0 errors, 2 left on base; Philadelphia 8 - Colorado 1
BOTTOM OF THE 5TH
Colorado Rockies batting - Pitching for Philadelphia Phillies : LHP David Price
Batting: RHB Martin Prado 0-0: Called Strike
0-1: Fly out, F8 (Flyball, 8RD)
Batting: SHB Sandy Leon 0-0: Foul Ball, location: 2F
0-1: Foul Ball, location: 2F
0-2: Fly out, F8 (Line Drive, 8LM)
Batting: LHB Tommy La Stella 0-0: Ball
1-0: Ball
2-0: Called Strike
2-1: Swinging Strike
2-2: Strikes out swinging
Bottom of the 5th over - 0 runs, 0 hits, 0 errors, 0 left on base; Philadelphia 8 - Colorado 1
TOP OF THE 6TH
Philadelphia Phillies batting - Pitching for Colorado Rockies : RHP Aaron Sanchez
Pitching: RHP Tom Eshelman
Batting: RHB Josh Harrison 0-0: Ball
1-0: Ball
2-0: SINGLE (Line Drive, 78S)
Batting: LHB Justin Bour 0-0: Called Strike
0-1: Ball
1-1: Swinging Strike
1-2: Strikes out swinging
Batting: RHB Russell Martin 0-0: Ball
1-0: Swinging Strike
1-1: Ball
2-1: Called Strike
2-2: 2-RUN HOME RUN (Flyball, 7D), Distance : 373 ft
Pinch Hitting: RHB Gavin Cecchini 0-0: Ball
1-0: Ball
2-0: Called Strike
2-1: Foul Ball, location: 2F
2-2: Foul Ball, location: 2F
2-2: Foul Ball, location: 2F
2-2: Strikes out swinging
Batting: RHB Delino DeShields Jr. 0-0: Called Strike
0-1: Ball
1-1: Swinging Strike
1-2: Ball
2-2: SOLO HOME RUN (Flyball, 7D), Distance : 392 ft
Batting: RHB Carson Kelly 0-0: Ball
1-0: Ball
2-0: Called Strike
2-1: Ball
3-1: Swinging Strike
3-2: Strikes out swinging
Top of the 6th over - 3 runs, 3 hits, 0 errors, 0 left on base; Philadelphia 11 - Colorado 1
BOTTOM OF THE 6TH
Colorado Rockies batting - Pitching for Philadelphia Phillies : LHP David Price
Now at SS: Gavin Cecchini
Pinch Hitting: RHB Brandon Drury 0-0: Ball
1-0: SINGLE (Line Drive, 34)
Batting: LHB Jake Bauers 0-0: Called Strike
0-1: Foul Ball, location: 2F
0-2: Strikes out looking
Batting: RHB Anthony Alford 0-0: Ball
1-0: Ball
2-0: DOUBLE (Flyball, 89D)
Brandon Drury to third
Batting: RHB Mike Trout 0-0: Called Strike
0-1: Foul Ball, location: 2F
0-2: Strikes out swinging
Batting: RHB Bryce Brentz 0-0: SINGLE (Groundball, 4MD)
Brandon Drury scores
Anthony Alford to third
Runner from 3rd tries for Home, SAFE, no throw by CF
Batting: RHB Jordy Mercer 0-0: Ball
1-0: Foul Ball, location: 2F
1-1: Foul Ball, location: 2F
1-2: Ball
2-2: Fly out, F8 (Line Drive, 8LD)
Bottom of the 6th over - 2 runs, 3 hits, 0 errors, 1 left on base; Philadelphia 11 - Colorado 3
TOP OF THE 7TH
Philadelphia Phillies batting - Pitching for Colorado Rockies : RHP Tom Eshelman
Pitching: RHP Mauricio Cabrera
Batting: RHB Amed Rosario 0-0: Foul Ball, location: 2F
0-1: Called Strike
0-2: Foul Ball, location: 2F
0-2: Foul Ball, location: 2F
0-2: Strikes out looking
Batting: LHB David Price 0-0: Called Strike
0-1: Called Strike
0-2: Strikes out swinging
Batting: LHB Leonys Martin 0-0: Ball
1-0: Ground out 6-3 (Groundball, 6MS)
Top of the 7th over - 0 runs, 0 hits, 0 errors, 0 left on base; Philadelphia 11 - Colorado 3
BOTTOM OF THE 7TH
Colorado Rockies batting - Pitching for Philadelphia Phillies : LHP David Price
Batting: RHB Martin Prado 0-0: Called Strike
0-1: Swinging Strike
0-2: Ball
1-2: Ball
2-2: Strikes out looking
Batting: SHB Sandy Leon 0-0: Ground out U3 (Groundball, 3)
Batting: LHB Tommy La Stella 0-0: Ball
1-0: Ball
2-0: Foul Ball, location: 2F
2-1: Ball
3-1: Ground out 1-3 (Groundball, P)
Bottom of the 7th over - 0 runs, 0 hits, 0 errors, 0 left on base; Philadelphia 11 - Colorado 3
TOP OF THE 8TH
Philadelphia Phillies batting - Pitching for Colorado Rockies : RHP Mauricio Cabrera
Batting: RHB Josh Harrison 0-0: Foul Ball, location: 2F
0-1: Ball
1-1: Fly out, F9 (Flyball, 9S)
Batting: LHB Justin Bour 0-0: Ball
1-0: Called Strike
1-1: Ground out 6-3 (Groundball, 4)
Batting: RHB Russell Martin 0-0: Ball
1-0: Ball
2-0: Swinging Strike
2-1: Ball
3-1: Foul Ball, location: 2F
3-2: Ground out 6-3 (Groundball, 6)
Top of the 8th over - 0 runs, 0 hits, 0 errors, 0 left on base; Philadelphia 11 - Colorado 3
BOTTOM OF THE 8TH
Colorado Rockies batting - Pitching for Philadelphia Phillies : LHP David Price
Pinch Hitting: RHB Brandon Guyer 0-0: Ball
1-0: Ground out 6-3 (Groundball, 6)
Batting: LHB Jake Bauers 0-0: Called Strike
0-1: Ground out 5-3 (Groundball, 5L)
Batting: RHB Anthony Alford 0-0: Called Strike
0-1: Ball
1-1: DOUBLE (Flyball, 8RXD)
Batting: RHB Mike Trout 0-0: Called Strike
0-1: Foul Ball, location: 2F
0-2: Ball
1-2: Ball
2-2: Ball
3-2: Fly out, F4 (Flyball, 34D)
Bottom of the 8th over - 0 runs, 1 hit, 0 errors, 1 left on base; Philadelphia 11 - Colorado 3
TOP OF THE 9TH
Philadelphia Phillies batting - Pitching for Colorado Rockies : RHP Mauricio Cabrera
Pitching: RHP Kazuhisa Makita
Batting: RHB Gavin Cecchini 0-0: Called Strike
0-1: SINGLE (Line Drive, 9S)
Batting: RHB Delino DeShields Jr. 0-0: Ball
1-0: SINGLE (Flyball, 8RS)
Gavin Cecchini to second
Batting: RHB Carson Kelly 0-0: Ball
1-0: SINGLE (Line Drive, 4MD)
Gavin Cecchini to third
Delino DeShields Jr. to second
Batting: RHB Amed Rosario 0-0: Ball
1-0: Foul Ball, location: 2F
1-1: SINGLE (Groundball, 5L)
Gavin Cecchini scores
Delino DeShields Jr. to third
Carson Kelly to second
Pinch Hitting: RHB Giancarlo Stanton 0-0: Called Strike
0-1: Grounds into double play, 4-6-3 (Groundball, 4)
Delino DeShields Jr. scores
Carson Kelly to third
Batting: LHB Leonys Martin 0-0: Ball
1-0: Fly out, F7 (Flyball, 7S)
Top of the 9th over - 2 runs, 4 hits, 0 errors, 1 left on base; Philadelphia 13 - Colorado 3
BOTTOM OF THE 9TH
Colorado Rockies batting - Pitching for Philadelphia Phillies : LHP David Price
Pitching: RHP Seung-hwan Oh
Batting: RHB Bryce Brentz 0-0: Ball
1-0: Called Strike
1-1: Called Strike
1-2: SINGLE (Line Drive, 89M)
Batting: RHB Jordy Mercer 0-0: Ball
1-0: Swinging Strike
1-1: DOUBLE (Line Drive, 9LM)
Bryce Brentz to third
Batting: RHB Martin Prado 0-0: Ball
1-0: Fly out, F7 (Flyball, 78M)
Runner from 3rd tags up, SCORES, no throw by LF
Batting: SHB Sandy Leon 0-0: Called Strike
0-1: Ball
1-1: Ball
2-1: Foul Ball, location: 2F
2-2: Fly out, F8 (Flyball, 8RXD)
Runner from 2nd tags up, SAFE at 3rd, no throw by CF
Batting: LHB Tommy La Stella 0-0: SINGLE (Groundball, 4MD)
Jordy Mercer scores
Pinch Hitting: RHB Jacob Stallings 0-0: Ball
1-0: Foul Ball, location: 2F
1-1: Ball
2-1: Swinging Strike
2-2: Foul Ball, location: 2F
2-2: Foul Ball, location: 2F
2-2: Foul Ball, location: 2F
2-2: Fielders Choice at 2nd, 5-4 (Groundball, 56)
Bottom of the 9th over - 2 runs, 3 hits, 0 errors, 1 left on base; Philadelphia 13 - Colorado 5
Friday, December 7th, 2018 - OOTP Baseball 19.10 Build 122